 Dungeon Crawl Stone Soup version 0.29.0-4-gdea44cf6ec (webtiles) character file.

Game seed: 16883431799250778543

309 apoch the Poker (level 6, 0/49 HPs)
             Began as a Merfolk Fighter on Aug 27, 2022.
             Slain by a scorpion (2 damage)
             ... on level 4 of the Dungeon.
             The game lasted 00:06:25 (3038 turns).

apoch the Poker (Merfolk Fighter)                   Turns: 3038, Time: 00:06:25

Health: 0/49       AC: 10    Str: 18    XL:     6   Next: 41%
Magic:  6/6        EV:  6    Int:  8    God:
Gold:   127        SH:  4    Dex: 13    Spells: 5/5 levels left

rFire   . . .      SeeInvis +   a - +1 trident
rCold   . . .      Faith    .   c - +0 buckler
rNeg    . . .      Spirit   .   p - +1 chain mail
rPois   .          Reflect  .   (no helmet)
rElec   .          Harm     .   (no cloak)
rCorr   .          Rampage  .   (no gloves)
Will    .....                   (no boots)
Stlth   ..........              (no amulet)
HPRegen 0.16/turn               n - ring of see invisible
MPRegen 0.10/turn               (no ring)

@: no status effects
A: (nimble swimmer 2), mertail
a: no special abilities


You were on level 4 of the Dungeon.
You visited 1 branch of the dungeon, and saw 4 of its levels.

You collected 127 gold pieces.

Inventory:

Hand Weapons
 a - a +1 trident (weapon)
Missiles
 o - 15 poisoned darts (quivered)
Armour
 b - a +0 scale mail
 c - a +0 buckler (worn)
 d - a +0 kite shield
 g - a +0 plate armour
 p - a +1 chain mail (worn)
Jewellery
 n - a ring of see invisible (left hand)
Scrolls
 e - a scroll of fear
 f - 2 scrolls of blinking
 h - 4 scrolls of identify
 k - a scroll of teleportation
 l - a scroll of enchant weapon
 q - a scroll of immolation
Potions
 i - 2 potions of berserk rage {unknown}
 m - a potion of magic {unknown}
 r - 2 potions of mutation {unknown}
 t - a potion of ambrosia {unknown}


   Skills:
 + Level 4.7 Fighting
 * Level 6.4 Polearms
 + Level 3.2 Armour
 - Level 3.0 Shields


You had 5 spell levels left.
You didn't know any spells.
Your spell library contained the following spells:

 Spells                   Type           Power      Damage    Failure   Level
 Conjure Flame            Conj/Fire      0%         6-21      100%        3
 Ignite Poison            Fire/Tmut/Pois 0%         N/A       100%        3
 Portal Projectile        Hex/Tloc       0%         N/A       100%        3
 Tukima's Dance           Hex            0%         N/A       100%        3
 Sticky Flame             Conj/Fire      0%         2d3       100%        4
 Blade Hands              Tmut           0%         N/A       100%        5


Dungeon Overview and Level Annotations

Branches:
Dungeon (4/15)
 Temple: D:4-7

Altars:
Fedhas
Qazlal

Shops:
D:1 !


Innate Abilities, Weirdness & Mutations

((You are very nimble when in or above water. (Stealth+, EV+, Speed+++)))
Your lower body shifts to a powerful aquatic tail in water.


Message History

Things that are here:
a +0 dagger; an orc corpse Unknown command.
Unknown command.
You hit the orc priest.
The orc priest is moderately wounded.
The orc priest hits you with a +0 club.
* * * LOW HITPOINT WARNING * * *
You puncture the orc priest!
The orc priest is almost dead.
The orc priest hits you but does no damage.
You hit the orc priest but do no damage.
The orc priest is almost dead.
The orc priest hits you with a +0 club.
* * * LOW HITPOINT WARNING * * *
You puncture the orc priest!
You kill the orc priest!
Okay, then.
You start resting.
A scorpion comes into view.
You hear the brisk rusting of a distant drain.
You start resting.
A scorpion is nearby!
You puncture the scorpion!
The scorpion is moderately wounded.
The scorpion stings you but does no damage.
You hit the scorpion but do no damage.
The scorpion is moderately wounded.
The scorpion stings you but does no damage.
You hit the scorpion but do no damage.
The scorpion is moderately wounded.
The scorpion stings you.
* * * LOW HITPOINT WARNING * * *
You hit the scorpion but do no damage.
The scorpion is moderately wounded.
The scorpion stings you but does no damage. x2
You hit the scorpion but do no damage.
The scorpion is moderately wounded.
The scorpion stings you.
You die...

.....#.#...## #.#..
.##..#.......##....
####...#.#....#...#
####...#.##.......###
.#.......##...[. ...#
.........##....##... ..
#..##...####....#.##....
#..###.###.##...)s......
#...##.#......##@##....#
#..#.........##### .?.
#.....#####..# . ##....#
#...# ...#... .....#
#..### ......$ #.#
........ # ..........
....#.......


You could see a scorpion.

Vanquished Creatures
  A black bear (D:4)
  A bullfrog (D:3)
  An orc priest (D:4)
  An orc wizard (D:4)
  An adder (D:2)
  A worm (D:2)
  2 dart slugs
  8 orcs
  4 ball pythons
  7 endoplasms
  3 giant cockroaches
  6 hobgoblins
  9 kobolds
  2 quokkas
  8 bats
  2 frilled lizards
  10 goblins
  3 rats
70 creatures vanquished.

Vanquished Creatures (others)
  5 fungi (D:4)
  A plant (D:4)
6 creatures vanquished.

Grand Total: 76 creatures vanquished

Notes
Turn   | Place    | Note
-------+----------+-------------------------------------------
     0 | D:1      | apoch the Merfolk Fighter began the quest for the Orb.
     0 | D:1      | Reached XP level 1. HP: 18/18 MP: 1/1
   209 | D:1      | Reached skill level 3 in Polearms
   254 | D:1      | Reached XP level 2. HP: 24/24 MP: 2/2
   356 | D:1      | Found a faded altar of an unknown god.
   714 | D:1      | Found Modub's Distillery.
   752 | D:1      | Reached XP level 3. HP: 29/29 MP: 3/3
  1128 | D:2      | Reached skill level 4 in Polearms
  1663 | D:2      | Reached XP level 4. HP: 37/37 MP: 4/4
  2619 | D:4      | Found a blossoming altar of Fedhas.
  2620 | D:4      | Noticed a bullfrog
  2663 | D:3      | Killed a bullfrog
  2664 | D:3      | Reached skill level 5 in Polearms
  2664 | D:3      | Reached XP level 5. HP: 27/42 MP: 5/5
  2797 | D:4      | Noticed a black bear
  2811 | D:4      | Killed a black bear
  2812 | D:4      | Reached skill level 6 in Polearms
  2812 | D:4      | Reached XP level 6. HP: 19/49 MP: 6/6
  2903 | D:4      | Found a stormy altar of Qazlal.
  3036 | D:4      | HP: 1/49 [scorpion (6)]
  3038 | D:4      | Slain by a scorpion

Illustrated notes

Levels and vault maps discovered:
D:1:      giann_bridges, layout_loops_ring, serial_shops, nicolae_shop_crystal,
          dreamdust_ecumenical_altar_angels_and_demons
D:2:      layout_loops_corners
D:3:      layout_rooms, hangedman_decor_points
D:4:      layout_cave_pools, grunt_temple_overflow_forces_of_nature,
          cheibrodos_sewer_entry_bend, minmay_misc_feat_square,
          chequers_serial_rivers_micro_e

Skill      XL: |  1  2  3  4  5 |
---------------+----------------+-----
Polearms       | 3 4 5 6 |  6.4
Fighting       | 4 |  4.7
Armour         | 3 |  3.2
Shields        | |  3.0

Action                   |  1- 3 |  4- 6 || total
-------------------------+-------+-------++-------
Melee: Trident           |   115 |   115 ||   230
Throw: Dart              |       |    10 ||    10
  Use: Scroll            |       |     7 ||     7
       Potion            |       |     3 ||     3
Armor: Scale mail        |    27 |     5 ||    32
       Chain mail        |       |    62 ||    62
Dodge: Dodged            |    25 |    29 ||    54
Block: Buckler           |    15 |    31 ||    46
